 Dungeon Crawl Stone Soup version 0.26-a0-667-g92642533e4 (webtiles) character file.

Game seed: 17526838789694974905

33289 Gargoyl the Fighter (level 13, -4/104 HPs)
             Began as a Gnoll Abyssal Knight on Oct 16, 2020.
             Was a Priest of Lugonu.
             Slain by a seven-headed hydra (8 damage)
             ... on level 1 of the Abyss.
             The game lasted 00:20:16 (14531 turns).

Gargoyl the Fighter (Gnoll Abyssal Knight)         Turns: 14531, Time: 00:20:17

Health: -4/104     AC: 28    Str: 24    XL:     13   Next: 70%
Magic:  8/25       EV: 13    Int: 16    God:    Lugonu [***...]
Gold:   1282       SH: 13    Dex: 17    Spells: 29/29 levels left

rFire    + . .     SeeInvis .   f - +4 hand axe (venom)
rCold    . . .     Faith    .   l - +1 kite shield
rNeg     . . .     Spirit   .   u - +6 chain mail of Analysis {rCorr}
rPois    .         Reflect  .   k - +2 helmet
rElec    .         Harm     .   (no cloak)
rCorr    +         Rampage  .   F - +2 pair of gloves
MR       .....                  (no boots)
Stlth    +.........             g - amulet of regeneration
HPRegen  0.67/turn              d - +6 ring of strength
MPRegen  0.19/turn              i - +4 ring of protection

@: berserk cooldown, slowed, very slow
A: distributed training, fangs 1, agile 1, fire resistance 1, strong nose
a: Depart the Abyss, Bend Space, Banish, Renounce Religion


You were on level 1 of the Abyss.
You worshipped Lugonu.
Lugonu was most pleased with you.
You visited 2 branches of the dungeon, and saw 15 of its levels.
You visited the Abyss 2 times.

You collected 1282 gold pieces.

Inventory:

Hand Weapons
 a - a +2 hand axe
 f - a +4 hand axe of venom (weapon)
Missiles
 y - 50 poisoned darts (quivered)
Armour
 k - a +2 helmet (worn)
 l - a +1 kite shield (worn)
 u - the +6 chain mail of Analysis (worn) {rCorr}
   (You found it on level 9 of the Dungeon)

   It provides partial protection from all sources of acid and corrosion.
 F - a +2 pair of gloves (worn)
Jewellery
 d - a +6 ring of strength (left hand)
 g - an amulet of regeneration (around neck)
 h - a +6 ring of dexterity
 i - a +4 ring of protection (right hand)
 A - an uncursed ring of protection from fire
 E - an uncursed ring of see invisible
Wands
 n - a wand of flame (36)
 r - a wand of random effects (14)
 w - a wand of acid (20)
 x - a wand of digging (5)
 G - a wand of enslavement (9)
 H - a wand of disintegration (11)
Scrolls
 b - 3 scrolls of fog
 p - 6 scrolls of teleportation
 s - 4 scrolls of remove curse
 z - 2 scrolls of fear
 J - 4 scrolls of identify
 L - a scroll of blinking
 M - a scroll of magic mapping
Potions
 c - 2 potions of ambrosia
 e - 5 potions of flight
 j - 2 potions of haste
 m - 6 potions of heal wounds
 o - 2 potions of lignification
 q - 5 potions of might
 t - a potion of stabbing
 v - 2 potions of berserk rage {unknown}
 B - 4 potions of curing
 C - 4 potions of brilliance {unknown}
 D - 2 potions of resistance
 I - a potion of mutation
 K - a potion of magic {unknown}


   Skills:
 + Level 10.6 Fighting
 + Level 8.5 Short Blades
 + Level 8.5 Long Blades
 + Level 9.7 Axes
 + Level 8.5 Maces & Flails
 + Level 8.5 Polearms
 + Level 8.5 Staves
 + Level 8.5 Slings
 + Level 8.5 Bows
 + Level 8.5 Crossbows
 + Level 8.5 Throwing
 + Level 9.7 Armour
 + Level 9.0 Dodging
 + Level 8.5 Stealth
 + Level 8.5 Shields
 + Level 8.5 Unarmed Combat
 + Level 8.5 Spellcasting
 + Level 7.1 Conjurations
 + Level 7.1 Hexes
 + Level 7.1 Summonings
 + Level 7.1 Necromancy
 + Level 7.1 Translocations
 + Level 7.1 Transmutations
 + Level 7.1 Fire Magic
 + Level 7.1 Ice Magic
 + Level 7.1 Air Magic
 + Level 7.1 Earth Magic
 + Level 7.1 Poison Magic
 + Level 10.3 Invocations
 + Level 8.5 Evocations


You had 29 spell levels left.
You didn't know any spells.
Your spell library contained the following spells:

 Spells                   Type           Power        Failure   Level
 Foxfire                  Conj/Fire      ####         7%          1
 Magic Dart               Conj           ####         7%          1
 Sandblast                Erth           ####..       7%          1
 Blink                    Tloc           N/A          11%         2
 Call Imp                 Summ           ####....     11%         2
 Passwall                 Tmut/Erth      ####....     11%         2
 Poisonous Vapours        Pois/Air       ####..       11%         2
 Searing Ray              Conj           ####..       11%         2
 Slow                     Hex            ####....     11%         2
 Conjure Flame            Conj/Fire      ####....     22%         3
 Dazzling Flash           Conj/Hex       ####..       22%         3
 Inner Flame              Hex/Fire       ####....     22%         3
 Mephitic Cloud           Conj/Pois/Air  ####....     22%         3
 Stone Arrow              Conj/Erth      ####..       22%         3
 Animate Dead             Necr           ####......   56%         4
 Fulminant Prism          Conj/Hex       ####......   56%         4
 Iskenderun's Mystic Bla  Conj/Tloc      ####....     56%         4
 Petrify                  Tmut/Erth      ####....     56%         4
 Sticky Flame             Conj/Fire      ####....     56%         4
 Borgnjor's Vile Clutch   Necr/Erth      ####......   89%         5
 Fireball                 Conj/Fire      ####......   89%         5
 Lee's Rapid Deconstruct  Erth           ####......   89%         5
 Death Channel            Necr           ####......   100%        6
 Freezing Cloud           Conj/Ice/Air   ####......   100%        6
 Simulacrum               Ice/Necr       ####......   100%        6


Dungeon Overview and Level Annotations

Branches:
Dungeon (10/15)            Temple (0/1) D:4            Lair (5/6) D:8
 Shoals (0/4) Lair:4       Spider (0/4) Lair:4        Slime (0/5) Lair:5
    Orc: D:9-12

Altars:
Ashenzari
Fedhas
Hepliaklqana
Qazlal
Sif Muna
Trog
Wu Jian
Xom
Jiyva

Annotations:
Lair:5 1 transporter, Acosmix's ghost, journeyman GrFi


Innate Abilities, Weirdness & Mutations

Your experience applies equally to all skills.
You have very sharp teeth.
Your uncanny sense of smell can sniff out nearby items.
You are agile. (Dex +2)
Your flesh is heat resistant. (rF+)


Message History

* * * LOW HITPOINT WARNING * * *
You feel very sick.
Found a scroll of amnesia.
You feel better.
Press: ? - help, Shift-Dir - straight line, f - seven-headed hydra
Aim: a seven-headed hydra (chance to defeat MR: 58%)
The seven-headed hydra resists with significant effort.
Press: ? - help, Shift-Dir - straight line, f/p - seven-headed hydra
Aim: a seven-headed hydra (chance to defeat MR: 58%)
The seven-headed hydra resists with significant effort.
The seven-headed hydra bites you.
* * * LOW HITPOINT WARNING * * *
You block the seven-headed hydra's attack.
The seven-headed hydra bites you.
* * * LOW HITPOINT WARNING * * *
The seven-headed hydra misses you.
You block the seven-headed hydra's attack.
The seven-headed hydra bites you but does no damage.
The seven-headed hydra bites you!
You die...

#. ..... . ....
. . #..#..
.##.... ##.....
. #....#
....##....#§#
....#..@....#
...∩#∩D##......
....#.# ..#..
....#? #≈. ...
. .. .. .. ∆∆ .
. .. ∆ ... ∆


You could see a seven-headed hydra.

Vanquished Creatures
  A boulder beetle (Lair:3)
  Harold (Lair:1)
  A two-headed ogre (D:8)
  The ghost of Micerat the Thaumaturge, a journeyman OpWz of Sif Muna (Lair:2)
  A death yak (Lair:2)
  Urug (D:10)
  A moth of wrath (Lair:5)
  7 elephants
  A centaur skeleton (D:7)
  3 black mambas
  A torpor snail (Lair:2)
  6 cane toads
  3 rime drakes
  9 komodo dragons
  A polar bear (Lair:1)
  Prince Ribbit (D:8)
  A snapping turtle (Lair:4)
  6 wyverns
  5 spriggans (Lair:5)
  37 yaks
  2 wraiths (D:10)
  A basilisk (Lair:5)
  8 water moccasins
  3 ice beasts
  2 black bears
  An orc warrior (D:7)
  2 phantoms (D:7)
  A necrophage (D:9)
  9 ogres
  11 wolves
  5 centaurs
  A big kobold (D:10)
  15 bullfrogs
  4 scorpions
  A water moccasin zombie (D:10)
  3 howler monkeys (D:10)
  An electric eel (Lair:3)
  2 centaur zombies
  A bullfrog zombie (D:10)
  5 orc priests
  3 bullfrog skeletons
  4 hounds
  5 iguanas
  7 orc wizards
  5 worker ants
  4 gnolls (D:8)
  9 adders
  A shadow imp (D:8)
  2 ufetubi (D:5)
  2 adder zombies
  2 oozes
  2 dart slugs
  7 leopard geckos
  27 orcs
  6 giant cockroaches
  10 goblins
  10 hobgoblins
  9 jackals
  3 quokkas
  2 ball pythons
  11 bats
  2 frilled lizards
  3 jackal skeletons
  10 kobolds
  18 rats
330 creatures vanquished.

Vanquished Creatures (others)
  A wizard (D:8)
  37 fungi
  6 plants
44 creatures vanquished.

Grand Total: 374 creatures vanquished

Notes
Turn   | Place    | Note
-------+----------+-------------------------------------------
     0 | Abyss:1  | Gargoyl the Gnoll Abyssal Knight began the quest for the
                  | Orb.
     0 | Abyss:1  | Reached XP level 1. HP: 23/23 MP: 3/3
    56 | Abyss:1  | Found a corrupted altar of Lugonu.
   114 | Abyss:1  | Noticed a jelly
   123 | Abyss:1  | Found a corrupted altar of Lugonu.
   129 | Abyss:1  | Noticed an iron imp
   130 | Abyss:1  | Noticed a ynoxinul
   131 | Abyss:1  | Noticed a lich
   131 | Abyss:1  | Noticed a raiju
   131 | Abyss:1  | Noticed an apocalypse crab
   131 | Abyss:1  | Noticed a large abomination
   132 | D:1      | Escaped the Abyss
   319 | D:1      | Reached * piety under Lugonu
   323 | D:1      | Reached XP level 2. HP: 24/29 MP: 5/5
   691 | D:1      | Found a broken altar of Ashenzari.
   904 | D:1      | Reached XP level 3. HP: 35/35 MP: 6/6
  1003 | D:2      | Reached skill level 1 in Short Blades
  1003 | D:2      | Reached skill level 1 in Long Blades
  1003 | D:2      | Reached skill level 1 in Maces & Flails
  1003 | D:2      | Reached skill level 1 in Polearms
  1003 | D:2      | Reached skill level 1 in Staves
  1003 | D:2      | Reached skill level 1 in Slings
  1003 | D:2      | Reached skill level 1 in Bows
  1003 | D:2      | Reached skill level 1 in Crossbows
  1003 | D:2      | Reached skill level 1 in Throwing
  1003 | D:2      | Reached skill level 1 in Stealth
  1003 | D:2      | Reached skill level 1 in Shields
  1003 | D:2      | Reached skill level 1 in Unarmed Combat
  1003 | D:2      | Reached skill level 1 in Spellcasting
  1003 | D:2      | Reached skill level 1 in Evocations
  1186 | D:2      | Reached ** piety under Lugonu
  1186 | D:2      | Reached XP level 4. HP: 35/41 MP: 7/7
  1760 | D:3      | Reached skill level 1 in Conjurations
  1760 | D:3      | Reached skill level 1 in Hexes
  1760 | D:3      | Reached skill level 1 in Summonings
  1760 | D:3      | Reached skill level 1 in Necromancy
  1760 | D:3      | Reached skill level 1 in Translocations
  1760 | D:3      | Reached skill level 1 in Transmutations
  1760 | D:3      | Reached skill level 1 in Fire Magic
  1760 | D:3      | Reached skill level 1 in Ice Magic
  1760 | D:3      | Reached skill level 1 in Air Magic
  1760 | D:3      | Reached skill level 1 in Earth Magic
  1760 | D:3      | Reached skill level 1 in Poison Magic
  1824 | D:3      | Reached XP level 5. HP: 39/47 MP: 8/8
  2347 | D:3      | Reached *** piety under Lugonu
  2347 | D:3      | Reached skill level 5 in Invocations
  2347 | D:3      | Reached XP level 6. HP: 46/53 MP: 9/9
  2502 | D:3      | Reached skill level 5 in Axes
  2502 | D:3      | Reached skill level 5 in Armour
  3064 | D:4      | Found a staircase to the Ecumenical Temple.
  3309 | D:4      | Reached XP level 7. HP: 55/59 MP: 10/10
  3744 | D:5      | Entered Level 5 of the Dungeon
  4179 | D:5      | Found a stormy altar of Qazlal.
  4300 | D:5      | Reached XP level 8. HP: 67/67 MP: 12/12
  5505 | D:7      | Reached XP level 9. HP: 58/72 MP: 14/14
  5757 | D:7      | Reached **** piety under Lugonu
  6064 | D:7      | Reached skill level 5 in Dodging
  6747 | D:8      | Noticed Prince Ribbit
  6937 | D:8      | Found a staircase to the Lair.
  6973 | D:8      | Killed Prince Ribbit
  6987 | D:8      | Found an ornate altar of the Wu Jian Council.
  6990 | D:8      | Found a shimmering blue altar of Sif Muna.
  7011 | D:8      | Found a bloodstained altar of Trog.
  7013 | D:8      | Noticed a wizard
  7019 | D:8      | Killed a wizard
  7229 | D:8      | Reached XP level 10. HP: 75/80 MP: 17/17
  7287 | D:8      | Noticed a two-headed ogre
  7328 | D:8      | Killed a two-headed ogre
  7328 | D:8      | Reached skill level 5 in Short Blades
  7328 | D:8      | Reached skill level 5 in Long Blades
  7328 | D:8      | Reached skill level 5 in Maces & Flails
  7328 | D:8      | Reached skill level 5 in Polearms
  7328 | D:8      | Reached skill level 5 in Staves
  7328 | D:8      | Reached skill level 5 in Slings
  7328 | D:8      | Reached skill level 5 in Bows
  7328 | D:8      | Reached skill level 5 in Crossbows
  7328 | D:8      | Reached skill level 5 in Throwing
  7328 | D:8      | Reached skill level 5 in Stealth
  7328 | D:8      | Reached skill level 5 in Shields
  7328 | D:8      | Reached skill level 5 in Unarmed Combat
  7328 | D:8      | Reached skill level 5 in Spellcasting
  7328 | D:8      | Reached skill level 5 in Evocations
  7550 | D:9      | Found a shimmering blue altar of Sif Muna.
  7553 | D:9      | Gained mutation: Your flesh is heat resistant. (rF+)
                  | [potion of mutation]
  7553 | D:9      | Gained mutation: You are agile. (Dex +2) [potion of
                  | mutation]
  7602 | D:9      | Found a hazy altar of Hepliaklqana.
  7606 | D:9      | Got a heavily runed chain mail
  7645 | D:9      | Reached ***** piety under Lugonu
  7804 | D:9      | Found a shimmering altar of Xom.
  7808 | D:9      | Found a shimmering altar of Xom.
  7808 | D:9      | Found a shimmering altar of Xom.
  7810 | D:9      | Identified the +6 chain mail of Analysis {rCorr} (You found
                  | it on level 9 of the Dungeon)
  7822 | D:9      | Found a shimmering altar of Xom.
  7822 | D:9      | Found a shimmering altar of Xom.
  7822 | D:9      | Found a shimmering altar of Xom.
  7827 | D:9      | Found a shimmering altar of Xom.
  8050 | D:10     | Entered Level 10 of the Dungeon
  8571 | D:10     | Reached XP level 11. HP: 69/86 MP: 19/19
  8737 | D:10     | Noticed Urug
  8756 | D:10     | Killed Urug
  8756 | D:10     | Reached skill level 5 in Conjurations
  8756 | D:10     | Reached skill level 5 in Hexes
  8756 | D:10     | Reached skill level 5 in Summonings
  8756 | D:10     | Reached skill level 5 in Necromancy
  8756 | D:10     | Reached skill level 5 in Translocations
  8756 | D:10     | Reached skill level 5 in Transmutations
  8756 | D:10     | Reached skill level 5 in Fire Magic
  8756 | D:10     | Reached skill level 5 in Ice Magic
  8756 | D:10     | Reached skill level 5 in Air Magic
  8756 | D:10     | Reached skill level 5 in Earth Magic
  8756 | D:10     | Reached skill level 5 in Poison Magic
  9126 | Lair:1   | Entered Level 1 of the Lair of Beasts
  9126 | Lair:1   | Found a blossoming altar of Fedhas.
  9137 | Lair:1   | Noticed Harold
  9153 | Lair:1   | Killed Harold
 10524 | Lair:2   | Reached XP level 12. HP: 95/95 MP: 22/22
 10804 | Lair:2   | Found a runed translucent door.
 10804 | Lair:2   | Noticed Micerat's ghost (journeyman OpWz)
 10963 | Lair:2   | Noticed a five-headed hydra
 10963 | Lair:2   | Noticed an eight-headed hydra
 10965 | Lair:2   | Banished a five-headed hydra
 10967 | Lair:2   | Banished an eight-headed hydra
 11342 | Lair:2   | Killed Micerat's ghost
 11364 | Lair:3   | Noticed a death yak
 11509 | Lair:2   | Killed a death yak
 11719 | Lair:3   | Noticed a seven-headed hydra
 11722 | Lair:3   | Banished a seven-headed hydra
 11859 | Lair:3   | Noticed a five-headed hydra
 11863 | Lair:3   | Banished a five-headed hydra
 11863 | Lair:3   | Reached skill level 10 in Fighting
 11997 | Lair:3   | Noticed a boulder beetle
 12018 | Lair:3   | Killed a boulder beetle
 12327 | Lair:3   | Noticed a five-headed hydra
 12330 | Lair:3   | Banished a five-headed hydra
 12796 | Lair:4   | Noticed a four-headed hydra
 12797 | Lair:4   | Banished a four-headed hydra
 12814 | Lair:4   | Reached XP level 13. HP: 102/102 MP: 22/24
 13066 | Lair:4   | Reached skill level 10 in Invocations
 13343 | Lair:4   | Found a hole to the Spider Nest.
 13505 | Lair:4   | Found a staircase to the Shoals.
 13709 | Lair:5   | Found a staircase to the Slime Pits.
 13709 | Lair:5   | Found a viscous altar of Jiyva.
 14046 | Lair:5   | Found a bloodstained altar of Trog.
 14046 | Lair:5   | Noticed Acosmix's ghost (journeyman GrFi)
 14046 | Lair:5   | Identified the +9 demon trident of Emuis {venom, rN+ Str-4
                  | Stlth+}
 14048 | Lair:5   | Identified the +10 trident of Destiny {vorpal, rElec Dex+4}
 14058 | Lair:5   | Found a transporter.
 14062 | Lair:5   | Found a transporter.
 14531 | Abyss:1  | HP: 4/104 [seven-headed hydra (6)]
 14531 | Abyss:1  | Slain by a seven-headed hydra

Illustrated notes

Levels and vault maps discovered:
D:1:      mrwooster_arrival_arrow, layout_loops_ring, ashenzari_altar_1
D:2:      layout_rooms, corexii_leaking_fountain
D:3:      layout_loops_ring
D:4:      layout_cave_pods, minmay_temple_entry_waves
D:5:      layout_basic, old_standard_altar
D:6:      layout_rooms, serial_aquarium, aquarium_bridge_straight
          [aquarium_subvault_bridge, aquarium_subvault_window,
          aquarium_subvault_bridge, aquarium_subvault_balcony],
          aquarium_bridge_straight [aquarium_subvault_bridge,
          aquarium_subvault_balcony, aquarium_subvault_bridge,
          aquarium_subvault_wall], aquarium_window_1, aquarium_window_fake,
          aquarium_window_corridor_2, aquarium_window_1, aquarium_view_2e,
          aquarium_view_2e, aquarium_balcony_5b, minmay_misc_feat_columns
D:7:      layout_loops_ring
D:8:      layout_loops_corners, chequers_temple_overflow_statue_of_worship,
          dpeg_oklobed_lair, trog_wizard, uniq_prince_ribbit1
D:9:      layout_rooms, lemuel_crystal_altar, basic_altar,
          hangedman_decor_slide_cut, kennysheep_nub, xom_redecorated
D:10:     layout_stronghold, uniq_urug
Lair:1:   layout_long_grid, basic_altar, uniq_harold
Lair:2:   wander_river, layout_cellular_growth, gammafunk_ghost_grave,
          gauntlet_entry_generic, grunt_megastairs_4
Lair:3:   layout_gridlike, serial_bayou_pond_a, grunt_megastairs_1
Lair:4:   layout_hall_layers, minmay_shoals_entry_hut,
          spider_nest_entry_web_field
Lair:5:   layout_gridlike, slime_altar_1, gammafunk_ghost_wrathful_warriors,
          grunt_megastairs_5
Abyss:1:  minivault_28, base:
D:7

Skill      XL: |  1  2  3  4  5  6  7  8  9 10 11 12 13 |
---------------+----------------------------------------+-----
Short Blades   | 1 2 3 4 5 6 7 8 |  8.5
Long Blades    | 1 2 3 4 5 6 7 8 |  8.5
Maces & Flails | 1 2 3 4 5 6 7 8 |  8.5
Polearms       | 1 2 3 4 5 6 7 8 |  8.5
Staves         | 1 2 3 4 5 6 7 8 |  8.5
Slings         | 1 2 3 4 5 6 7 8 |  8.5
Bows           | 1 2 3 4 5 6 7 8 |  8.5
Crossbows      | 1 2 3 4 5 6 7 8 |  8.5
Throwing       | 1 2 3 4 5 6 7 8 |  8.5
Stealth        | 1 2 3 4 5 6 7 8 |  8.5
Shields        | 1 2 3 4 5 6 7 8 |  8.5
Unarmed Combat | 1 2 3 4 5 6 7 8 |  8.5
Spellcasting   | 1 2 3 4 5 6 7 8 |  8.5
Evocations     | 1 2 3 4 5 6 7 8 |  8.5
Conjurations   | 1 2 3 4 5 6 7 |  7.1
Hexes          | 1 2 3 4 5 6 7 |  7.1
Summonings     | 1 2 3 4 5 6 7 |  7.1
Necromancy     | 1 2 3 4 5 6 7 |  7.1
Translocations | 1 2 3 4 5 6 7 |  7.1
Transmutations | 1 2 3 4 5 6 7 |  7.1
Fire Magic     | 1 2 3 4 5 6 7 |  7.1
Ice Magic      | 1 2 3 4 5 6 7 |  7.1
Air Magic      | 1 2 3 4 5 6 7 |  7.1
Earth Magic    | 1 2 3 4 5 6 7 |  7.1
Poison Magic   | 1 2 3 4 5 6 7 |  7.1
Dodging        | 3 4 5 6 7 8 9 |  9.0
Invocations    | 5 6 7 8 9 10 | 10.3
Axes           | 5 6 7 8 9 |  9.7
Armour         | 5 6 7 8 9 |  9.7
Fighting       | 7 8 9 10 | 10.6

Action                   |  1- 3 |  4- 6 |  7- 9 | 10-12 | 13-15 || total
-------------------------+-------+-------+-------+-------+-------++-------
Melee: Hand axe          |    71 |   158 |   428 |   558 |   207 ||  1422
       Bite              |     8 |    19 |    71 |   104 |    36 ||   238
Throw: Dart              |       |       |    27 |    24 |       ||    51
Invok: Depart the Abyss  |     1 |       |       |       |       ||     1
       Banish            |       |       |       |    12 |     6 ||    18
       Enter the Abyss   |       |       |       |       |     1 ||     1
  Use: Potion            |     1 |       |       |     1 |     1 ||     3
       Scroll            |       |     9 |    10 |    12 |     1 ||    32
 Stab: Sleeping          |       |     1 |     2 |       |       ||     3
Armor: Leather armour    |    13 |       |       |       |       ||    13
       Ring mail         |    47 |    99 |    48 |       |       ||   194
       Chain mail        |       |       |    99 |   282 |   116 ||   497
Dodge: Dodged            |    72 |   108 |   119 |   246 |   127 ||   672
Block: Kite shield       |       |    37 |   216 |   371 |   193 ||   817

Table legend: (Time is in decaauts)
 A = Elapsed time spent in this place.
 B = Non-inter-level travel time spent in this place.
 C = Inter-level travel time spent in this place.
 D = Time resting spent in this place.
 E = Time spent auto-exploring this place.
 F = Levels seen in this place.
 G = Mean time per level.
                   A        B        C        D        E       F      G
               +--------+--------+--------+--------+--------+-----+--------+
         Total |  14594 |  14136 |    458 |   1753 |   9310 |  17 |  858.5 |
       Dungeon |   9108 |   8774 |    334 |   1058 |   5550 |  10 |  910.8 |
          Lair |   5350 |   5226 |    124 |    695 |   3641 |   5 | 1070.0 |
         Abyss |    135 |    135 |      0 |      0 |    118 |   2 |   67.5 |
               +--------+--------+--------+--------+--------+-----+--------+

Top non-repeatable levels by time:
  Lair:2: 1655 daAuts
     D:7: 1308 daAuts
     D:4: 1215 daAuts
  Lair:3: 1080 daAuts
     D:8: 1078 daAuts
    D:10: 1038 daAuts
     D:5: 885 daAuts
  Lair:5: 884 daAuts
     D:3: 874 daAuts
  Lair:1: 869 daAuts
  Lair:4: 860 daAuts
     D:1: 797 daAuts
     D:2: 753 daAuts
     D:6: 643 daAuts
     D:9: 512 daAuts
